Login

Giants vs Riots

Created - May 5, 2024 at 12:00

Goals
1 2 3 OT1 SO T
Giants 1 0 1 0 3 3
Riots 1 0 1 0 2 2
Shots
1 2 3 OT1 SO T
Giants 16 6 5 4 5 31
Riots 6 8 13 1 5 28

GoalsPenalties
1st period
1. Riots , Artturi Lehkonen 31 (Kirby Dach 16) at 3:42
2. Giants , Sidney Crosby 27 (Adam Fox 37) at 12:22
Rasmus Ristolainen (RIV) for Delaying the game (Minor) at 0:34
2nd period
No Goal
Derek Forbort (RIV) for Roughing (Minor) at 2:32
Filip Forsberg (ULS) for Slashing (Minor) at 6:41
Joel Edmundson (ULS) for Hooking (Minor) at 12:07
3rd period
3. Riots , Kirby Dach 13 (Artturi Lehkonen 31, Rasmus Ristolainen 21) at 1:09
4. Giants , Adam Fox 11 (El Burrito Peligroso 23, Moritz Seider 37) at 4:18 (PP)
Kirby Dach (RIV) for High sticking (Minor) at 3:50
Sidney Crosby (ULS) for Cross-checking (Minor) at 10:34
Velyki Hospador (RIV) for High sticking (Minor) at 14:22
Overtime #1
No Goal
Shootout
Giants, Nikita Kucherov - Stopped by Marc-Andre Fleury
Riots, Velyki Hospador - Stopped by Juuse Saros
Giants, Sidney Crosby - Goal!
Riots, Artturi Lehkonen - Goal!
Giants, El Burrito Peligroso - Stopped by Marc-Andre Fleury
Riots, Cole Caufield - Stopped by Juuse Saros
Giants, Alex Ovechkin - Goal!
Riots, Brandon Hagel - Goal!
Giants, Vincent Trocheck - Goal!
Riots, Jean-Gabriel Pageau - Stopped by Juuse Saros
Goalie Stats
Juuse Saros (ULS), 26 saves from 28 shots - (0.929), W, 45-25-9, 65:00 minutes
Marc-Andre Fleury (RIV), 29 saves from 31 shots - (0.935), OTL, 41-21-10, 65:00 minutes
3 StarsOfficial
1 - Artturi Lehkonen (RIV)
2 - Adam Fox (ULS)
3 - Kirby Dach (RIV)
Referees : Unknown
Linesman : Unknown
Game Note
No Game Note
Finance
Level 1 -- Attendance: 4976 (82.93%) -- Ticket Income $497,600
Level 2 -- Attendance: 3628 (72.56%) -- Ticket Income $217,680
Level 3 -- Attendance: 1673 (83.65%) -- Ticket Income $58,555
Level 4 -- Attendance: 3323 (83.08%) -- Ticket Income $83,075
Luxury Box -- Attendance: 965 (96.50%) -- Ticket Income $193,000
Game was played at the The Breadbasket.
Total Attendance: 14565 (80.92%)
Total Ticket Income: $1,049,910
Other Income: $419,964
Total Income: $1,469,874



Team Name Goals Shots Shots Attemp Shots Blocked PIM HIT PP PK FO%
Giants 3316076201 / 4 (25%)058%
Riots 2285058340 / 3 (0%)142%

Giants
Player Name POS G A P +/- PIM HIT SHT SB MP PP MP PP SHT PK MP PK SHT FO% FOT
Adam FoxD1121012124:033:1510:4500% 0
Alex OvechkinLW/RW0000013020:153:1000:00020% 5
Alex PietrangeloD000-2001222:373:1013:4400% 0
Alexander RomanovD0000041014:090:0000:0000% 0
Chandler StephensonC/LW000-2013017:160:0003:42270% 20
El Burrito PeligrosoC/RW0111004219:033:1500:27033% 3
Filip ForsbergC/LW/RW0000201015:050:0000:0000% 0
Jake EvansC/RW000000108:180:0002:02056% 9
Joel EdmundsonD0000220119:083:1001:2800% 0
Kevin FialaLW/RW000-2002017:413:1000:3500% 1
Mario FerraroD000-2051118:160:0002:3300% 0
Moritz SeiderD0111042026:463:1513:2400% 0
Nikita KucherovRW0001012024:563:1500:0000% 1
Sidney CrosbyC1011203021:283:1512:53070% 30
Timo MeierLW/RW000-2002013:340:0000:0000% 1
Tyler ToffoliLW/RW000000106:290:0000:1300% 0
Vincent TrocheckC0000012019:563:1002:02054% 26
Zach WhitecloudD000000000:000:0000:0000% 0
Riots
Player Name POS G A P +/- PIM HIT SHT SB MP PP MP PP SHT PK MP PK SHT FO% FOT
Anders LeeLW0002010017:243:0900:000100% 1
Andreas AthanasiouC/LW/RW000-1000113:300:0000:00050% 2
Arber XhekajD000002006:280:4500:0000% 0
Artturi LehkonenLW/RW1122017022:322:4803:5100% 2
Brandon HagelLW0000014120:002:4812:3400% 2
Brayden McNabbD0001080118:050:0003:2300% 0
Brendan GallagherRW000000107:410:0000:0000% 0
Cole CaufieldRW0000001017:473:0900:0000% 3
Derek ForbortD0000210118:060:0002:2200% 0
Jakob ChychrunD0000030016:482:4200:1600% 0
Jean-Gabriel PageauC000-1012020:302:1323:51063% 24
Kirby DachC1122222015:040:5100:55030% 23
Lars EllerC/LW000001007:410:0000:00029% 7
Max PaciorettyLW000-1021013:300:0000:000100% 1
Noah DobsonD0001020019:413:1501:4800% 0
Rasmus RistolainenD0110222120:453:1511:5900% 0
Seth JonesD0000014025:051:5713:0200% 0
Velyki HospadorC/LW0000264027:542:5311:39042% 31

Giants

5 vs 5 Forward
Line #Left WingCenterRight WingPHYDFOFWanted %Time %Time Play
1El Burrito PeligrosoSidney CrosbyNikita Kucherov1222827%13:04
2Alex OvechkinVincent TrocheckFilip Forsberg1222831%14:44
3Timo MeierChandler StephensonKevin Fiala1222728%13:34
4Tyler ToffoliJake EvansNikita Kucherov1221713%6:16
5 vs 5 Defense
Line #DefenseDefensePHYDFOFWanted %Time %Time Play
1Moritz SeiderAdam Fox1223030%14:05
2Mario FerraroAlex Pietrangelo1223033%15:43
3Alexander RomanovJoel Edmundson1222830%14:09
4Moritz SeiderAdam Fox122128%3:41
Power Play Forward
Line #Left WingCenterRight WingPHYDFOFWanted %Time %Time Play
1El Burrito PeligrosoSidney CrosbyNikita Kucherov1225551%3:15
2Kevin FialaVincent TrocheckAlex Ovechkin1224549%3:10
Power Play Defense
Line #DefenseDefensePHYDFOFWanted %Time %Time Play
1Moritz SeiderAdam Fox1225551%3:15
2Joel EdmundsonAlex Pietrangelo1224549%3:10
Penalty Kill 4 Players Forward
Line #CenterWingPHYDFOFWanted %Time %Time Play
1Sidney CrosbyChandler Stephenson1225566%3:55
2Vincent TrocheckJake Evans1224534%2:02
Penalty Kill 4 Players Defense
Line #DefenseDefensePHYDFOFWanted %Time %Time Play
1Moritz SeiderAlex Pietrangelo1225557%3:24
2Joel EdmundsonMario Ferraro1224543%2:33
Penalty Kill 3 Players
Line #WingPHYDFOFWanted %Time %Time PlayDefenseDefensePHYDFOFWanted %Time %Time Play
1Sidney Crosby122550%0:00 Moritz SeiderAlex Pietrangelo122550%0:00
2Chandler Stephenson122450%0:00 Joel EdmundsonAlexander Romanov122450%0:00
4 vs 4 Forward
Line #CenterWingPHYDFOFWanted %Time %Time Play
1Sidney CrosbyNikita Kucherov122550%0:00
2Vincent TrocheckEl Burrito Peligroso122450%0:00
4 vs 4 Defense
Line #DefensePHYDFOFWanted %Time %Time Play
1Moritz SeiderAdam Fox122550%0:00
2Joel EdmundsonAlex Pietrangelo122450%0:00
Last Minutes Offensive
Left WingCenterRight WingDefenseDefense
Alex OvechkinSidney CrosbyNikita KucherovMoritz SeiderAdam Fox
Last Minutes Defensive
Left WingCenterRight WingDefenseDefense
Chandler StephensonSidney CrosbyJake EvansAlex PietrangeloJoel Edmundson
Time
Total ForwardTotal DefenseLast Minutes OffensiveLast Minutes Defensive
60:00 60:00 0:000:00
Extra Forwards
Normal PowerPlayPenalty Kill
Sidney Crosby, Filip Forsberg, Tyler ToffoliTyler Toffoli, Filip ForsbergKevin Fiala
Extra Defensemen
Normal PowerPlayPenalty Kill
Adam Fox, Moritz Seider, Alex PietrangeloAdam Fox, Alex PietrangeloJoel Edmundson
Penalty Shots
Nikita Kucherov, Sidney Crosby, El Burrito Peligroso, Alex Ovechkin, Vincent Trocheck
Goalie
Juuse Saros, Pyotr Kochetkov
Custom OT Lines Forwards
Nikita Kucherov, Alex Ovechkin, Sidney Crosby, El Burrito Peligroso, Kevin Fiala, Filip Forsberg, Timo Meier, Tyler Toffoli, Vincent Trocheck, Chandler Stephenson
Custom OT Lines Defensemen
Moritz Seider, Adam Fox, Joel Edmundson, Alex Pietrangelo, Alexander Romanov
Scratches
Barrett Hayton (Healthy), Alexandre Carrier (Healthy), Taylor Raddysh (Healthy)

Riots

5 vs 5 Forward
Line #Left WingCenterRight WingPHYDFOFWanted %Time %Time Play
1Brandon HagelVelyki HospadorCole Caufield1223028%13:08
2Anders LeeKirby DachArtturi Lehkonen1222828%13:19
3Max PaciorettyJean-Gabriel PageauAndreas Athanasiou1222628%13:30
4Velyki HospadorLars EllerBrendan Gallagher1221616%7:41
5 vs 5 Defense
Line #DefenseDefensePHYDFOFWanted %Time %Time Play
1Derek ForbortSeth Jones1223028%13:23
2Rasmus RistolainenJakob Chychrun1222829%13:50
3Brayden McNabbNoah Dobson1222631%14:42
4Arber XhekajSeth Jones1221612%5:43
Power Play Forward
Line #Left WingCenterRight WingPHYDFOFWanted %Time %Time Play
1Anders LeeVelyki HospadorCole Caufield1225553%3:09
2Brandon HagelVelyki HospadorArtturi Lehkonen1224547%2:48
Power Play Defense
Line #DefenseDefensePHYDFOFWanted %Time %Time Play
1Seth JonesJakob Chychrun1225545%2:42
2Noah DobsonRasmus Ristolainen1224555%3:15
Penalty Kill 4 Players Forward
Line #CenterWingPHYDFOFWanted %Time %Time Play
1Jean-Gabriel PageauArtturi Lehkonen1225560%3:51
2Velyki HospadorBrandon Hagel1224540%2:34
Penalty Kill 4 Players Defense
Line #DefenseDefensePHYDFOFWanted %Time %Time Play
1Derek ForbortBrayden McNabb1225553%3:23
2Seth JonesRasmus Ristolainen1224547%3:02
Penalty Kill 3 Players
Line #WingPHYDFOFWanted %Time %Time PlayDefenseDefensePHYDFOFWanted %Time %Time Play
1Jean-Gabriel Pageau122550%0:00 Derek ForbortBrayden McNabb122550%0:00
2Lars Eller122450%0:00 Seth JonesJakob Chychrun122450%0:00
4 vs 4 Forward
Line #CenterWingPHYDFOFWanted %Time %Time Play
1Velyki HospadorArtturi Lehkonen122550%0:00
2Cole CaufieldBrandon Hagel122450%0:00
4 vs 4 Defense
Line #DefensePHYDFOFWanted %Time %Time Play
1Jakob ChychrunNoah Dobson122550%0:00
2Seth JonesRasmus Ristolainen122450%0:00
Last Minutes Offensive
Left WingCenterRight WingDefenseDefense
Artturi LehkonenVelyki HospadorCole CaufieldSeth JonesJakob Chychrun
Last Minutes Defensive
Left WingCenterRight WingDefenseDefense
Brandon HagelJean-Gabriel PageauAndreas AthanasiouDerek ForbortRasmus Ristolainen
Time
Total ForwardTotal DefenseLast Minutes OffensiveLast Minutes Defensive
60:00 60:00 0:000:00
Extra Forwards
Normal PowerPlayPenalty Kill
Jean-Gabriel Pageau, Anders Lee, Max PaciorettyJean-Gabriel Pageau, Artturi LehkonenArtturi Lehkonen
Extra Defensemen
Normal PowerPlayPenalty Kill
Arber Xhekaj, Noah Dobson, Brayden McNabbArber Xhekaj, Noah DobsonJakob Chychrun
Penalty Shots
Velyki Hospador, Artturi Lehkonen, Cole Caufield, Brandon Hagel, Jean-Gabriel Pageau
Goalie
Marc-Andre Fleury, Kevin Lankinen
Custom OT Lines Forwards
Velyki Hospador, Artturi Lehkonen, Cole Caufield, Brandon Hagel, Anders Lee, Jean-Gabriel Pageau, Max Pacioretty, Andreas Athanasiou, Brendan Gallagher, Lars Eller
Custom OT Lines Defensemen
Derek Forbort, Rasmus Ristolainen, Seth Jones, Jakob Chychrun, Brayden McNabb
Scratches
Rasmus Kupari (Healthy), Jakob Silfverberg (Healthy), Kyle Capobianco (Healthy)


Play-by-Play

1st period


0:01 of 1st period - Sidney Crosby wins face-off versus Velyki Hospador in neutral zone.
0:24 of 1st period - Shot by El Burrito Peligroso.
0:24 of 1st period - Stopped by Marc-Andre Fleury without a rebound.
0:25 of 1st period - Kirby Dach wins face-off versus Vincent Trocheck in Riots zone.
0:27 of 1st period - Icing by Artturi Lehkonen.
0:28 of 1st period - Chandler Stephenson wins face-off versus Kirby Dach in Riots zone.
0:28 of 1st period - Timo Meier is hit by Jakob Chychrun and loses puck.
0:34 of 1st period - Minor Penalty to Rasmus Ristolainen for Delaying the game.
0:35 of 1st period - Sidney Crosby wins face-off versus Jean-Gabriel Pageau in Riots zone.
0:48 of 1st period - Shot by Moritz Seider.
0:48 of 1st period - Stopped by Marc-Andre Fleury without a rebound.
0:49 of 1st period - Vincent Trocheck wins face-off versus Velyki Hospador in Riots zone.
0:58 of 1st period - Shot by Alex Pietrangelo.
0:58 of 1st period - Stopped by Marc-Andre Fleury without a rebound.
0:59 of 1st period - Jean-Gabriel Pageau wins face-off versus Sidney Crosby in Riots zone.
1:09 of 1st period - Off-side.
1:10 of 1st period - Vincent Trocheck wins face-off versus Jean-Gabriel Pageau in neutral zone.
1:28 of 1st period - Off-side.
1:29 of 1st period - Jean-Gabriel Pageau wins face-off versus Sidney Crosby in neutral zone.
1:40 of 1st period - Shot by Sidney Crosby.
1:40 of 1st period - Stopped by Marc-Andre Fleury without a rebound.
1:41 of 1st period - Jean-Gabriel Pageau wins face-off versus Vincent Trocheck in Riots zone.
2:57 of 1st period - Shot by Rasmus Ristolainen.
2:57 of 1st period - Shot Misses the Net.
3:42 of 1st period - Shot by Artturi Lehkonen.
3:42 of 1st period - Goal by Artturi Lehkonen - Giants : 0 - Riots : 1.
3:43 of 1st period - Anders Lee wins face-off versus Vincent Trocheck in neutral zone.
4:07 of 1st period - Shot by Artturi Lehkonen.
4:07 of 1st period - Stopped by Juuse Saros without a rebound.
4:08 of 1st period - Jake Evans wins face-off versus Velyki Hospador in Giants zone.
4:34 of 1st period - Icing by Jake Evans.
4:35 of 1st period - Jake Evans wins face-off versus Kirby Dach in Giants zone.
4:52 of 1st period - Shot by Nikita Kucherov.
4:52 of 1st period - Shot Misses the Net.
5:05 of 1st period - Chandler Stephenson is hit by Noah Dobson and loses puck.
5:26 of 1st period - Shot by Chandler Stephenson.
5:26 of 1st period - Stopped by Marc-Andre Fleury without a rebound.
5:27 of 1st period - Vincent Trocheck wins face-off versus Lars Eller in Riots zone.
5:27 of 1st period - Moritz Seider is hit by Arber Xhekaj.
5:34 of 1st period - Brendan Gallagher is hit by Moritz Seider and loses puck.
5:43 of 1st period - Shot by Brendan Gallagher.
5:43 of 1st period - Stopped by Juuse Saros without a rebound.
5:44 of 1st period - Jean-Gabriel Pageau wins face-off versus Chandler Stephenson in Giants zone.
5:48 of 1st period - Jean-Gabriel Pageau is hit by Mario Ferraro and loses puck.
5:51 of 1st period - Shot by Jean-Gabriel Pageau.
5:51 of 1st period - Shot Blocked by Mario Ferraro.
5:53 of 1st period - Shot by Rasmus Ristolainen.
5:53 of 1st period - Stopped by Juuse Saros with a rebound.
6:14 of 1st period - Chandler Stephenson is hit by Jakob Chychrun.
6:17 of 1st period - Icing by Jakob Chychrun.
6:18 of 1st period - Max Pacioretty wins face-off versus Vincent Trocheck in Riots zone.
6:24 of 1st period - Off-side.
6:25 of 1st period - Vincent Trocheck wins face-off versus Velyki Hospador in neutral zone.
6:35 of 1st period - Velyki Hospador is hit by Alexander Romanov and loses puck.
6:52 of 1st period - Shot by Vincent Trocheck.
6:52 of 1st period - Stopped by Marc-Andre Fleury without a rebound.
6:53 of 1st period - Sidney Crosby wins face-off versus Kirby Dach in Riots zone.
7:10 of 1st period - Moritz Seider is hit by Brayden McNabb and loses puck.
7:20 of 1st period - Sidney Crosby is hit by Noah Dobson and loses puck.
7:31 of 1st period - Moritz Seider is hit by Anders Lee and loses puck.
7:56 of 1st period - Icing by Noah Dobson.
7:57 of 1st period - Chandler Stephenson wins face-off versus Kirby Dach in Riots zone.
7:58 of 1st period - Shot by Timo Meier.
7:58 of 1st period - Shot Misses the Net.
8:00 of 1st period - Shot by Kevin Fiala.
8:00 of 1st period - Shot Misses the Net.
8:15 of 1st period - Kevin Fiala is hit by Brayden McNabb and loses puck.
8:21 of 1st period - Icing by Noah Dobson.
8:22 of 1st period - Kirby Dach wins face-off versus Vincent Trocheck in Riots zone.
8:22 of 1st period - Kirby Dach is hit by Vincent Trocheck.
8:29 of 1st period - Alex Ovechkin is hit by Brayden McNabb.
8:35 of 1st period - Shot by Alex Ovechkin.
8:35 of 1st period - Stopped by Marc-Andre Fleury with a rebound.
8:37 of 1st period - Shot by Mario Ferraro.
8:37 of 1st period - Stopped by Marc-Andre Fleury with a rebound.
8:39 of 1st period - Shot by Filip Forsberg.
8:39 of 1st period - Shot Misses the Net.
10:03 of 1st period - Off-side.
10:04 of 1st period - Jean-Gabriel Pageau wins face-off versus Chandler Stephenson in neutral zone.
10:28 of 1st period - Icing by Jean-Gabriel Pageau.
10:29 of 1st period - Vincent Trocheck wins face-off versus Jean-Gabriel Pageau in Riots zone.
11:19 of 1st period - Off-side.
11:20 of 1st period - Sidney Crosby wins face-off versus Kirby Dach in neutral zone.
11:20 of 1st period - Sidney Crosby is hit by Kirby Dach.
11:32 of 1st period - Shot by El Burrito Peligroso.
11:32 of 1st period - Stopped by Marc-Andre Fleury without a rebound.
11:33 of 1st period - Velyki Hospador wins face-off versus Chandler Stephenson in Riots zone.
11:44 of 1st period - Shot by Cole Caufield.
11:44 of 1st period - Shot Misses the Net.
11:56 of 1st period - Icing by Timo Meier.
11:57 of 1st period - Chandler Stephenson wins face-off versus Kirby Dach in Giants zone.
12:03 of 1st period - Off-side.
12:04 of 1st period - Sidney Crosby wins face-off versus Jean-Gabriel Pageau in neutral zone.
12:04 of 1st period - Sidney Crosby is hit by Max Pacioretty.
12:22 of 1st period - Shot by Sidney Crosby.
12:22 of 1st period - Goal by Sidney Crosby - Giants : 1 - Riots : 1.
12:23 of 1st period - Lars Eller wins face-off versus Chandler Stephenson in neutral zone.
12:38 of 1st period - Shot by Kevin Fiala.
12:38 of 1st period - Shot Misses the Net.
12:40 of 1st period - Shot by Kevin Fiala.
12:40 of 1st period - Shot Misses the Net.
12:42 of 1st period - Shot by Alexander Romanov.
12:42 of 1st period - Stopped by Marc-Andre Fleury without a rebound.
12:43 of 1st period - Jean-Gabriel Pageau wins face-off versus Sidney Crosby in Riots zone.
13:24 of 1st period - Icing by Jakob Chychrun.
13:25 of 1st period - Vincent Trocheck wins face-off versus Jean-Gabriel Pageau in Riots zone.
13:30 of 1st period - Shot by Alex Ovechkin.
13:30 of 1st period - Deflect By Filip Forsberg.
13:30 of 1st period - Shot Misses the Net.
13:37 of 1st period - Alex Ovechkin is hit by Jakob Chychrun and loses puck.
14:00 of 1st period - Shot by Alex Ovechkin.
14:00 of 1st period - Stopped by Marc-Andre Fleury without a rebound.
14:01 of 1st period - Chandler Stephenson wins face-off versus Kirby Dach in Riots zone.
14:16 of 1st period - Shot by Kevin Fiala.
14:16 of 1st period - Stopped by Marc-Andre Fleury without a rebound.
14:17 of 1st period - Sidney Crosby wins face-off versus Lars Eller in Riots zone.
14:24 of 1st period - Moritz Seider is hit by Velyki Hospador and loses puck.
14:31 of 1st period - Shot by Lars Eller.
14:31 of 1st period - Shot Blocked by El Burrito Peligroso.
15:20 of 1st period - Shot by Timo Meier.
15:20 of 1st period - Stopped by Marc-Andre Fleury with a rebound.
16:10 of 1st period - Icing by Alexander Romanov.
16:11 of 1st period - Vincent Trocheck wins face-off versus Velyki Hospador in Giants zone.
16:13 of 1st period - Joel Edmundson is hit by Velyki Hospador and loses puck.
17:06 of 1st period - Icing by Jakob Chychrun.
17:07 of 1st period - Jake Evans wins face-off versus Velyki Hospador in Riots zone.
17:32 of 1st period - Shot by Nikita Kucherov.
17:32 of 1st period - Stopped by Marc-Andre Fleury without a rebound.
17:33 of 1st period - Chandler Stephenson wins face-off versus Kirby Dach in Riots zone.
18:00 of 1st period - Shot by Kevin Fiala.
18:00 of 1st period - Stopped by Marc-Andre Fleury with a rebound.
18:09 of 1st period - Brayden McNabb is hit by Chandler Stephenson and loses puck.
18:48 of 1st period - Andreas Athanasiou is hit by Mario Ferraro and loses puck.
18:53 of 1st period - Shot by Max Pacioretty.
18:53 of 1st period - Shot Blocked by Alex Pietrangelo.
18:55 of 1st period - Shot by Seth Jones.
18:55 of 1st period - Stopped by Juuse Saros without a rebound.
18:56 of 1st period - Velyki Hospador wins face-off versus Sidney Crosby in Giants zone.
19:02 of 1st period - Shot by Cole Caufield.
19:02 of 1st period - Stopped by Juuse Saros without a rebound.
19:03 of 1st period - Sidney Crosby wins face-off versus Brandon Hagel in Giants zone.
19:41 of 1st period - Brandon Hagel is hit by Moritz Seider and loses puck.
Goals for this period are 1 for Giants vs 1 for Riots.
Shots for this period are 16 for Giants vs 6 for Riots.

2nd period


0:01 of 2nd period - Jake Evans wins face-off versus Lars Eller in neutral zone.
0:14 of 2nd period - Jake Evans is hit by Velyki Hospador and loses puck.
0:41 of 2nd period - Adam Fox is hit by Lars Eller.
1:22 of 2nd period - Off-side.
1:23 of 2nd period - Chandler Stephenson wins face-off versus Kirby Dach in neutral zone.
1:44 of 2nd period - Shot by Kevin Fiala.
1:44 of 2nd period - Deflect By Timo Meier.
1:44 of 2nd period - Stopped by Marc-Andre Fleury without a rebound.
1:45 of 2nd period - Velyki Hospador wins face-off versus Sidney Crosby in Riots zone.
2:08 of 2nd period - El Burrito Peligroso is hit by Brayden McNabb and loses puck.
2:17 of 2nd period - Shot by Moritz Seider.
2:17 of 2nd period - Shot Misses the Net.
2:23 of 2nd period - Shot by Moritz Seider.
2:23 of 2nd period - Stopped by Marc-Andre Fleury without a rebound.
2:24 of 2nd period - Vincent Trocheck wins face-off versus Jean-Gabriel Pageau in Riots zone.
2:25 of 2nd period - Shot by Filip Forsberg.
2:25 of 2nd period - Shot Misses the Net.
2:27 of 2nd period - Shot by Joel Edmundson.
2:27 of 2nd period - Shot Misses the Net.
2:32 of 2nd period - Minor Penalty to Derek Forbort for Roughing.
2:33 of 2nd period - Jean-Gabriel Pageau wins face-off versus Vincent Trocheck in Riots zone.
2:51 of 2nd period - Icing by Vincent Trocheck.
2:52 of 2nd period - Jean-Gabriel Pageau wins face-off versus Vincent Trocheck in Giants zone.
3:15 of 2nd period - Shot by Alex Ovechkin.
3:15 of 2nd period - Shot Misses the Net.
3:46 of 2nd period - Nikita Kucherov is hit by Rasmus Ristolainen and loses puck.
4:51 of 2nd period - Shot by Timo Meier.
4:51 of 2nd period - Shot Misses the Net.
5:01 of 2nd period - Icing by Chandler Stephenson.
5:02 of 2nd period - Chandler Stephenson wins face-off versus Artturi Lehkonen in Giants zone.
5:02 of 2nd period - Chandler Stephenson is hit by Artturi Lehkonen.
5:16 of 2nd period - Shot by Kirby Dach.
5:16 of 2nd period - Stopped by Juuse Saros without a rebound.
5:17 of 2nd period - Andreas Athanasiou wins face-off versus Vincent Trocheck in Giants zone.
5:17 of 2nd period - Andreas Athanasiou is hit by Joel Edmundson.
5:34 of 2nd period - Andreas Athanasiou is hit by Alexander Romanov.
5:52 of 2nd period - Vincent Trocheck is hit by Max Pacioretty and loses puck.
6:22 of 2nd period - Velyki Hospador is hit by Joel Edmundson and loses puck.
6:29 of 2nd period - Shot by Brandon Hagel.
6:29 of 2nd period - Stopped by Juuse Saros with a rebound.
6:40 of 2nd period - Jakob Chychrun is hit by Alex Ovechkin.
6:41 of 2nd period - Minor Penalty to Filip Forsberg for Slashing.
6:42 of 2nd period - Sidney Crosby wins face-off versus Velyki Hospador in Giants zone.
6:47 of 2nd period - Shot by Chandler Stephenson.
6:47 of 2nd period - Stopped by Marc-Andre Fleury without a rebound.
6:48 of 2nd period - Sidney Crosby wins face-off versus Velyki Hospador in Riots zone.
6:48 of 2nd period - Sidney Crosby is hit by Seth Jones.
6:52 of 2nd period - Shot by Chandler Stephenson.
6:52 of 2nd period - Shot Misses the Net.
6:54 of 2nd period - Shot by Chandler Stephenson.
6:54 of 2nd period - Stopped by Marc-Andre Fleury without a rebound.
6:55 of 2nd period - Sidney Crosby wins face-off versus Velyki Hospador in Riots zone.
7:23 of 2nd period - Icing by Rasmus Ristolainen.
7:24 of 2nd period - Sidney Crosby wins face-off versus Velyki Hospador in Riots zone.
7:34 of 2nd period - Chandler Stephenson is hit by Rasmus Ristolainen and loses puck.
8:34 of 2nd period - Shot by Jean-Gabriel Pageau.
8:34 of 2nd period - Stopped by Juuse Saros without a rebound.
8:35 of 2nd period - Kirby Dach wins face-off versus Jake Evans in Giants zone.
8:38 of 2nd period - Shot by Noah Dobson.
8:38 of 2nd period - Shot Blocked by Joel Edmundson.
8:40 of 2nd period - Shot by Noah Dobson.
8:40 of 2nd period - Shot Misses the Net.
8:50 of 2nd period - Shot by Jake Evans.
8:50 of 2nd period - Stopped by Marc-Andre Fleury without a rebound.
8:51 of 2nd period - Lars Eller wins face-off versus Alex Ovechkin in Riots zone.
8:55 of 2nd period - Icing by Brayden McNabb.
8:56 of 2nd period - Jake Evans wins face-off versus Lars Eller in Riots zone.
11:28 of 2nd period - Icing by Seth Jones.
11:29 of 2nd period - Velyki Hospador wins face-off versus Timo Meier in Riots zone.
11:38 of 2nd period - Shot by Velyki Hospador.
11:38 of 2nd period - Stopped by Juuse Saros without a rebound.
11:39 of 2nd period - Chandler Stephenson wins face-off versus Kirby Dach in Giants zone.
11:39 of 2nd period - Alexander Romanov is hit by Kirby Dach and loses puck.
11:57 of 2nd period - Artturi Lehkonen is hit by Alexander Romanov and loses puck.
12:05 of 2nd period - Artturi Lehkonen is hit by Alexander Romanov and loses puck.
12:07 of 2nd period - Minor Penalty to Joel Edmundson for Hooking.
12:08 of 2nd period - Sidney Crosby wins face-off versus Velyki Hospador in Giants zone.
12:33 of 2nd period - Shot by Velyki Hospador.
12:33 of 2nd period - Stopped by Juuse Saros with a rebound.
12:35 of 2nd period - Shot by Seth Jones.
12:35 of 2nd period - Stopped by Juuse Saros without a rebound.
12:36 of 2nd period - Velyki Hospador wins face-off versus Vincent Trocheck in Giants zone.
12:36 of 2nd period - Velyki Hospador is hit by Mario Ferraro.
12:38 of 2nd period - Shot by Brandon Hagel.
12:38 of 2nd period - Stopped by Juuse Saros without a rebound.
12:39 of 2nd period - Vincent Trocheck wins face-off versus Velyki Hospador in Giants zone.
12:45 of 2nd period - Icing by Brandon Hagel.
12:46 of 2nd period - Velyki Hospador wins face-off versus Sidney Crosby in Riots zone.
13:28 of 2nd period - Adam Fox is hit by Velyki Hospador and loses puck.
13:47 of 2nd period - Shot by Jakob Chychrun.
13:47 of 2nd period - Shot Blocked by Alex Pietrangelo.
13:49 of 2nd period - Shot by Cole Caufield.
13:49 of 2nd period - Deflect By Anders Lee.
13:49 of 2nd period - Shot Misses the Net.
14:09 of 2nd period - Shot by Cole Caufield.
14:09 of 2nd period - Shot Misses the Net.
14:20 of 2nd period - Icing by Derek Forbort.
14:21 of 2nd period - Jean-Gabriel Pageau wins face-off versus Jake Evans in Riots zone.
14:21 of 2nd period - Max Pacioretty is hit by Nikita Kucherov and loses puck.
14:39 of 2nd period - Off-side.
14:40 of 2nd period - Kirby Dach wins face-off versus Vincent Trocheck in neutral zone.
16:32 of 2nd period - Shot by Andreas Athanasiou.
16:32 of 2nd period - Deflect By Max Pacioretty.
16:32 of 2nd period - Stopped by Juuse Saros without a rebound.
16:33 of 2nd period - Kirby Dach wins face-off versus Kevin Fiala in Giants zone.
16:33 of 2nd period - Kirby Dach is hit by Mario Ferraro.
16:48 of 2nd period - Kirby Dach is hit by Mario Ferraro and loses puck.
17:32 of 2nd period - Shot by Vincent Trocheck.
17:32 of 2nd period - Stopped by Marc-Andre Fleury without a rebound.
17:33 of 2nd period - Velyki Hospador wins face-off versus Jake Evans in Riots zone.
19:46 of 2nd period - Mario Ferraro is hit by Velyki Hospador and loses puck.
Goals for this period are 0 for Giants vs 0 for Riots.
Shots for this period are 6 for Giants vs 8 for Riots.

3rd period


0:01 of 3rd period - Sidney Crosby wins face-off versus Cole Caufield in neutral zone.
0:07 of 3rd period - Shot by Sidney Crosby.
0:07 of 3rd period - Shot Misses the Net.
0:27 of 3rd period - Shot by Sidney Crosby.
0:27 of 3rd period - Stopped by Marc-Andre Fleury without a rebound.
0:28 of 3rd period - Chandler Stephenson wins face-off versus Artturi Lehkonen in Riots zone.
1:07 of 3rd period - Shot by Artturi Lehkonen.
1:07 of 3rd period - Shot Misses the Net.
1:09 of 3rd period - Shot by Kirby Dach.
1:09 of 3rd period - Goal by Kirby Dach - Giants : 1 - Riots : 2.
1:10 of 3rd period - El Burrito Peligroso wins face-off versus Velyki Hospador in neutral zone.
1:33 of 3rd period - Shot by Brandon Hagel.
1:33 of 3rd period - Shot Misses the Net.
1:47 of 3rd period - Shot by Velyki Hospador.
1:47 of 3rd period - Shot Blocked by Adam Fox.
1:49 of 3rd period - Shot by Velyki Hospador.
1:49 of 3rd period - Stopped by Juuse Saros without a rebound.
1:50 of 3rd period - Vincent Trocheck wins face-off versus Andreas Athanasiou in Giants zone.
2:28 of 3rd period - Off-side.
2:29 of 3rd period - Chandler Stephenson wins face-off versus Kirby Dach in neutral zone.
2:31 of 3rd period - Off-side.
2:32 of 3rd period - Velyki Hospador wins face-off versus Sidney Crosby in neutral zone.
2:51 of 3rd period - Nikita Kucherov is hit by Brandon Hagel and loses puck.
3:09 of 3rd period - Cole Caufield is hit by Moritz Seider.
3:11 of 3rd period - Shot by Brandon Hagel.
3:11 of 3rd period - Stopped by Juuse Saros without a rebound.
3:12 of 3rd period - Chandler Stephenson wins face-off versus Kirby Dach in Giants zone.
3:50 of 3rd period - Minor Penalty to Kirby Dach for High sticking.
3:51 of 3rd period - Sidney Crosby wins face-off versus Jean-Gabriel Pageau in Riots zone.
4:18 of 3rd period - Shot by Adam Fox.
4:18 of 3rd period - Goal by Adam Fox - Giants : 2 - Riots : 2.
4:19 of 3rd period - Velyki Hospador wins face-off versus Vincent Trocheck in neutral zone.
5:20 of 3rd period - Icing by Jean-Gabriel Pageau.
5:21 of 3rd period - Sidney Crosby wins face-off versus Jean-Gabriel Pageau in Riots zone.
5:45 of 3rd period - El Burrito Peligroso is hit by Brayden McNabb and loses puck.
6:15 of 3rd period - Mario Ferraro is hit by Brayden McNabb and loses puck.
6:26 of 3rd period - Shot by Timo Meier.
6:26 of 3rd period - Shot Blocked by Brayden McNabb.
6:28 of 3rd period - Shot by Mario Ferraro.
6:28 of 3rd period - Shot Misses the Net.
6:30 of 3rd period - Shot by Mario Ferraro.
6:30 of 3rd period - Shot Misses the Net.
6:43 of 3rd period - Kevin Fiala is hit by Brayden McNabb and loses puck.
6:50 of 3rd period - Shot by Kevin Fiala.
6:50 of 3rd period - Deflect By Chandler Stephenson.
6:50 of 3rd period - Shot Misses the Net.
7:11 of 3rd period - Shot by Filip Forsberg.
7:11 of 3rd period - Shot Misses the Net.
7:13 of 3rd period - Shot by Alexander Romanov.
7:13 of 3rd period - Shot Misses the Net.
7:19 of 3rd period - Shot by Vincent Trocheck.
7:19 of 3rd period - Shot Blocked by Andreas Athanasiou.
7:21 of 3rd period - Shot by Filip Forsberg.
7:21 of 3rd period - Stopped by Marc-Andre Fleury without a rebound.
7:22 of 3rd period - Velyki Hospador wins face-off versus Jake Evans in Riots zone.
7:43 of 3rd period - Shot by Tyler Toffoli.
7:43 of 3rd period - Stopped by Marc-Andre Fleury without a rebound.
7:44 of 3rd period - Sidney Crosby wins face-off versus Kirby Dach in Riots zone.
8:19 of 3rd period - Icing by Alex Pietrangelo.
8:20 of 3rd period - Sidney Crosby wins face-off versus Velyki Hospador in Giants zone.
8:32 of 3rd period - Icing by Derek Forbort.
8:33 of 3rd period - Velyki Hospador wins face-off versus Chandler Stephenson in Riots zone.
8:40 of 3rd period - Shot by Brandon Hagel.
8:40 of 3rd period - Stopped by Juuse Saros with a rebound.
8:42 of 3rd period - Shot by Velyki Hospador.
8:42 of 3rd period - Shot Misses the Net.
8:44 of 3rd period - Shot by Velyki Hospador.
8:44 of 3rd period - Shot Misses the Net.
8:46 of 3rd period - Shot by Seth Jones.
8:46 of 3rd period - Stopped by Juuse Saros without a rebound.
8:47 of 3rd period - Vincent Trocheck wins face-off versus Kirby Dach in Giants zone.
8:49 of 3rd period - Icing by Alexander Romanov.
8:50 of 3rd period - Vincent Trocheck wins face-off versus Lars Eller in Giants zone.
9:17 of 3rd period - Shot by Brendan Gallagher.
9:17 of 3rd period - Shot Misses the Net.
9:19 of 3rd period - Shot by Lars Eller.
9:19 of 3rd period - Shot Misses the Net.
10:34 of 3rd period - Minor Penalty to Sidney Crosby for Cross-checking.
10:35 of 3rd period - Jean-Gabriel Pageau wins face-off versus El Burrito Peligroso in Giants zone.
10:44 of 3rd period - Shot by Jean-Gabriel Pageau.
10:44 of 3rd period - Stopped by Juuse Saros with a rebound.
10:46 of 3rd period - Shot by Rasmus Ristolainen.
10:46 of 3rd period - Shot Misses the Net.
10:48 of 3rd period - Shot by Rasmus Ristolainen.
10:48 of 3rd period - Stopped by Juuse Saros without a rebound.
10:49 of 3rd period - Vincent Trocheck wins face-off versus Jean-Gabriel Pageau in Giants zone.
11:14 of 3rd period - Mario Ferraro is hit by Jean-Gabriel Pageau and loses puck.
11:21 of 3rd period - Shot by Rasmus Ristolainen.
11:21 of 3rd period - Shot Misses the Net.
12:37 of 3rd period - Shot by Artturi Lehkonen.
12:37 of 3rd period - Stopped by Juuse Saros without a rebound.
12:38 of 3rd period - Jean-Gabriel Pageau wins face-off versus Nikita Kucherov in Giants zone.
13:04 of 3rd period - Icing by Moritz Seider.
13:05 of 3rd period - Sidney Crosby wins face-off versus Kirby Dach in Giants zone.
13:14 of 3rd period - Shot by El Burrito Peligroso.
13:14 of 3rd period - Shot Misses the Net.
13:34 of 3rd period - Shot by Artturi Lehkonen.
13:34 of 3rd period - Stopped by Juuse Saros without a rebound.
13:35 of 3rd period - Chandler Stephenson wins face-off versus Cole Caufield in Giants zone.
13:46 of 3rd period - Shot by Kevin Fiala.
13:46 of 3rd period - Shot Blocked by Brandon Hagel.
13:53 of 3rd period - Off-side.
13:54 of 3rd period - Jean-Gabriel Pageau wins face-off versus Vincent Trocheck in neutral zone.
14:12 of 3rd period - Shot by Jean-Gabriel Pageau.
14:12 of 3rd period - Shot Misses the Net.
14:14 of 3rd period - Shot by Seth Jones.
14:14 of 3rd period - Stopped by Juuse Saros without a rebound.
14:15 of 3rd period - Sidney Crosby wins face-off versus Velyki Hospador in Giants zone.
14:21 of 3rd period - Off-side.
14:22 of 3rd period - Sidney Crosby wins face-off versus Velyki Hospador in neutral zone.
14:22 of 3rd period - Minor Penalty to Velyki Hospador for High sticking.
14:23 of 3rd period - Jean-Gabriel Pageau wins face-off versus Sidney Crosby in Riots zone.
16:10 of 3rd period - Icing by Adam Fox.
16:11 of 3rd period - Jean-Gabriel Pageau wins face-off versus El Burrito Peligroso in Giants zone.
16:20 of 3rd period - Shot by Artturi Lehkonen.
16:20 of 3rd period - Shot Hit the Post.
16:38 of 3rd period - Shot by Velyki Hospador.
16:38 of 3rd period - Stopped by Juuse Saros without a rebound.
16:39 of 3rd period - Chandler Stephenson wins face-off versus Cole Caufield in Giants zone.
17:03 of 3rd period - Joel Edmundson is hit by Velyki Hospador and loses puck.
17:17 of 3rd period - Off-side.
17:18 of 3rd period - Kirby Dach wins face-off versus Alex Ovechkin in neutral zone.
17:33 of 3rd period - Shot by Vincent Trocheck.
17:33 of 3rd period - Shot Blocked by Rasmus Ristolainen.
17:44 of 3rd period - Artturi Lehkonen is hit by Moritz Seider and loses puck.
17:52 of 3rd period - Artturi Lehkonen is hit by Adam Fox and loses puck.
18:56 of 3rd period - El Burrito Peligroso is hit by Brayden McNabb and loses puck.
19:42 of 3rd period - Shot by Kirby Dach.
19:42 of 3rd period - Deflect By Artturi Lehkonen.
19:42 of 3rd period - Stopped by Juuse Saros without a rebound.
19:43 of 3rd period - Kirby Dach wins face-off versus Chandler Stephenson in Giants zone.
19:46 of 3rd period - Shot by Artturi Lehkonen.
19:46 of 3rd period - Stopped by Juuse Saros without a rebound.
19:47 of 3rd period - Chandler Stephenson wins face-off versus Kirby Dach in Giants zone.
19:53 of 3rd period - Moritz Seider is hit by Arber Xhekaj.
19:55 of 3rd period - Shot by Timo Meier.
19:55 of 3rd period - Shot Hit the Post.
19:57 of 3rd period - Shot by Adam Fox.
19:57 of 3rd period - Stopped by Marc-Andre Fleury without a rebound.
19:58 of 3rd period - Vincent Trocheck wins face-off versus Velyki Hospador in Riots zone.
Goals for this period are 1 for Giants vs 1 for Riots.
Shots for this period are 5 for Giants vs 13 for Riots.

Overtime #1


0:01 of 1st overtime period - Alex Ovechkin wins face-off versus Velyki Hospador in neutral zone.
0:15 of 1st overtime period - Shot by Alex Ovechkin.
0:15 of 1st overtime period - Shot Misses the Net.
0:27 of 1st overtime period - Shot by Nikita Kucherov.
0:27 of 1st overtime period - Shot Misses the Net.
0:29 of 1st overtime period - Shot by Nikita Kucherov.
0:29 of 1st overtime period - Shot Blocked by Derek Forbort.
0:31 of 1st overtime period - Shot by Moritz Seider.
0:31 of 1st overtime period - Shot Misses the Net.
1:39 of 1st overtime period - Shot by Rasmus Ristolainen.
1:39 of 1st overtime period - Shot Blocked by El Burrito Peligroso.
2:04 of 1st overtime period - Off-side.
2:05 of 1st overtime period - Jean-Gabriel Pageau wins face-off versus Alex Ovechkin in neutral zone.
3:17 of 1st overtime period - Shot by Artturi Lehkonen.
3:17 of 1st overtime period - Stopped by Juuse Saros without a rebound.
3:18 of 1st overtime period - Sidney Crosby wins face-off versus Brandon Hagel in Giants zone.
3:29 of 1st overtime period - Shot by El Burrito Peligroso.
3:29 of 1st overtime period - Stopped by Marc-Andre Fleury without a rebound.
3:30 of 1st overtime period - Velyki Hospador wins face-off versus Sidney Crosby in Riots zone.
3:41 of 1st overtime period - Shot by El Burrito Peligroso.
3:41 of 1st overtime period - Stopped by Marc-Andre Fleury without a rebound.
3:42 of 1st overtime period - Velyki Hospador wins face-off versus Alex Ovechkin in Riots zone.
4:08 of 1st overtime period - Shot by Alex Ovechkin.
4:08 of 1st overtime period - Stopped by Marc-Andre Fleury with a rebound.
4:10 of 1st overtime period - Shot by Nikita Kucherov.
4:10 of 1st overtime period - Stopped by Marc-Andre Fleury with a rebound.
4:13 of 1st overtime period - Alex Ovechkin is hit by Derek Forbort and loses puck.
Goals for this period are 0 for Giants vs 0 for Riots.
Shots for this period are 4 for Giants vs 1 for Riots.

ShootOut


5:00 of 1st overtime period - Round #1.
5:00 of 1st overtime period - Giants, Nikita Kucherov.
5:00 of 1st overtime period - Stopped by Marc-Andre Fleury.
5:00 of 1st overtime period - Riots, Velyki Hospador.
5:00 of 1st overtime period - Stopped by Juuse Saros.
5:00 of 1st overtime period - Round #2.
5:00 of 1st overtime period - Giants, Sidney Crosby.
5:00 of 1st overtime period - Goal by Sidney Crosby.
5:00 of 1st overtime period - Riots, Artturi Lehkonen.
5:00 of 1st overtime period - Goal by Artturi Lehkonen.
5:00 of 1st overtime period - Round #3.
5:00 of 1st overtime period - Giants, El Burrito Peligroso.
5:00 of 1st overtime period - Stopped by Marc-Andre Fleury.
5:00 of 1st overtime period - Riots, Cole Caufield.
5:00 of 1st overtime period - Stopped by Juuse Saros.
5:00 of 1st overtime period - Round #4.
5:00 of 1st overtime period - Giants, Alex Ovechkin.
5:00 of 1st overtime period - Goal by Alex Ovechkin.
5:00 of 1st overtime period - Riots, Brandon Hagel.
5:00 of 1st overtime period - Goal by Brandon Hagel.
5:00 of 1st overtime period - Round #5.
5:00 of 1st overtime period - Giants, Vincent Trocheck.
5:00 of 1st overtime period - Goal by Vincent Trocheck.
5:00 of 1st overtime period - Riots, Jean-Gabriel Pageau.
5:00 of 1st overtime period - Stopped by Juuse Saros.